 Dungeon Crawl Stone Soup version 0.31-a0-187-gba352fbbf7 (webtiles) character file.

Game seed: 17609569480379910552

136 qw the Skirmisher (level 4, 0/24 (25) HPs)
             Began as a Deep Elf Hunter on June 22, 2023.
             Slain by a wight
             ... wielding a +5 spear
              (11 damage)
             ... on level 4 of the Dungeon.
             The game lasted 00:00:49 (1954 turns).

qw the Skirmisher (Deep Elf Hunter)                 Turns: 1954, Time: 00:00:49

HP:   0/24 (25)     AC:  7    Str: 10    XL:     4   Next: 98%
MP:   6/6           EV: 11    Int: 14    God:
Gold: 176           SH:  5    Dex: 18    Spells: 3/3 levels left

rFire   . . .        Y - +1 shortbow (flame)
rCold   . . .        (shield currently unavailable)
rNeg    . . .        e - +0 ring mail
rPois   .            c - +0 helmet
rElec   .            (no cloak)
rCorr   .            (no gloves)
SInv    .            h - +0 pair of boots
Will    .....        l - amulet of reflection
Stlth   +            (no ring)
HPRegen 0.24/turn    (no ring)
MPRegen 0.10/turn

%: reflection
@: lightly drained
A: no striking features
a: no special abilities


You were on level 4 of the Dungeon.
You visited 1 branch of the dungeon, and saw 4 of its levels.

You collected 176 gold pieces.


   Skills:
 - Level 1.5 Fighting
 + Level 8.4 Ranged Weapons
 - Level 2.4 Dodging
 - Level 1.2 Stealth


You had 3 spell levels left.
You didn't know any spells.
Your spell library was empty.

Inventory:

Hand Weapons
 Y - a +1 shortbow of flaming (weapon)
Armour
 c - a +0 helmet (worn)
 e - a +0 ring mail (worn)
 h - a +0 pair of boots (worn)
 m - a scarf of resistance
Jewellery
 d - a ring of fire
 l - an amulet of reflection (around neck)
Scrolls
 i - a scroll of teleportation
 k - a scroll of identify
 n - a scroll of blinking {unknown}
Potions
 a - a potion of enlightenment
 b - a potion of curing
 f - a potion of cancellation {unknown}
 g - a potion of mutation {unknown}
 j - a potion of heal wounds
 o - 2 potions of might {unknown}

Dungeon Overview and Level Annotations

Branches:
Dungeon (4/15)
 Temple: D:4-7

Altars:
Xom


Message History

You see here a +1 dagger of draining.
Enter note: An orc comes into view. It is wielding a +0 hand axe.
You see here a scroll labelled ILAD GAKHLE.
Enter note: You shoot an arrow.
The orc shouts!
The arrow hits the orc but does no damage.
You shoot an arrow. The arrow hits the orc.
The arrow burns the orc.
The orc is heavily wounded.
A wight comes into view. It is wielding a +0 flail.
You shoot an arrow.
The arrow hits the orc but does no damage.
The orc is heavily wounded.
You shoot an arrow. The arrow hits the orc.
The arrow burns the orc.
The orc is almost dead.
You shoot an arrow. The arrow hits the orc.
The arrow burns the orc.
You kill the orc!
A wight comes into view. It is wielding a +5 spear.
The wight moves out of view.
You shoot an arrow. The arrow hits the wight.
The arrow burns the wight.
The wight is heavily damaged.
You shoot an arrow.
The arrow hits the wight but does no damage.
The wight is heavily damaged.
You shoot an arrow. The arrow hits the wight.
The arrow burns the wight.
The wight is heavily damaged.
You block the wight's attack.
You shoot an arrow. The arrow closely misses the wight. x2
You shoot an arrow.
The arrow hits the wight but does no damage.
The wight is heavily damaged.
The wight hits you with a +0 flail.
You feel drained.
You shoot an arrow. The arrow hits the wight.
The arrow burns the wight.
The wight is severely damaged.
The wight hits you with a +0 flail.
You shoot an arrow. The arrow hits the wight.
The arrow burns the wight.
You destroy the wight!
The wight hits you from afar with a +5 spear!
You die...

#...........######.....
#...........# #........
#...........# #........
...........# #...)..#
..(.....######......###
.......>...............
...........#........#
#######..b.#..).....#
#....#...@)####
#....#.....#
#....#...z.#
#....#b..).#
#..........# #...)...#
#.......# #.......#


You could see a wight.

Vanquished Creatures
  A wight (D:4)
  Robin (D:2)
  4 gnolls (D:4)
  2 adders
  A worm (D:3)
  A dart slug (D:4)
  3 orcs
  An endoplasm (D:1)
  5 giant cockroaches
  10 goblins (D:2)
  8 hobgoblins
  4 kobolds
  A quokka (D:3)
  4 ball pythons
  5 bats
  6 frilled lizards
  7 rats
64 creatures vanquished.

Notes
Turn   | Place    | Note
-------+----------+-------------------------------------------
     0 | D:1      | qw the Deep Elf Hunter began the quest for the Orb.
     0 | D:1      | Reached XP level 1. HP: 12/12 MP: 3/3
     0 | D:1      | 0 ||| qw: Version: 0.3-a-9-g12657ce
     0 | D:1      | 0 ||| qw: Game counter: 2262
     0 | D:1      | 0 ||| qw: Always use a shield: true
     0 | D:1      | 0 ||| qw: God list: Okawaru
     0 | D:1      | 0 ||| qw: Allow faded altars: false
     0 | D:1      | 0 ||| qw: Do Orc after D:15 true
     0 | D:1      | 0 ||| qw: Do second Lair branch before Depths: true
     0 | D:1      | 0 ||| qw: Lair rune preference: random
     0 | D:1      | 0 ||| qw: Plans: Normal
     0 | D:1      | 0 ||| PLANNING D:1-11
   116 | D:1      | Reached skill level 6 in Ranged Weapons
   116 | D:1      | Reached XP level 2. HP: 15/16 MP: 4/4
   324 | D:1      | 324 ||| UPGRADING to +0 ring mail.
   334 | D:1      | 334 ||| DROPPING +0 leather armour.
   335 | D:1      | 335 ||| UPGRADING to +0 pair of boots.
   340 | D:1      | 340 ||| READING scroll labelled GAD ELEITAQA KEOT.
   341 | D:1      | 341 ||| DROPPING scroll of butterflies.
   705 | D:2      | Noticed Robin
   708 | D:2      | 708 ||| Stepping ~*~*~tactically~*~*~ (outnumbered).
   713 | D:2      | Reached XP level 3. HP: 16/20 MP: 5/5
   725 | D:2      | Killed Robin
   730 | D:2      | Reached skill level 7 in Ranged Weapons
  1029 | D:2      | Reached XP level 4. HP: 25/25 MP: 6/6
  1169 | D:2      | 1169 ||| UPGRADING to +0 helmet.
  1174 | D:2      | 1174 ||| READING scroll labelled YMI NOBBANGU.
  1175 | D:2      | 1175 ||| READING 2 scrolls labelled ZEUN MI KYD.
  1180 | D:2      | 1180 ||| DRINKING 2 cyan potions.
  1330 | D:3      | Found a faded altar of an unknown god.
  1801 | D:3      | 1801 ||| UPGRADING to amulet of reflection.
  1806 | D:3      | 1806 ||| READING scroll labelled TASENW LOLE.
  1807 | D:3      | 1807 ||| READING 3 scrolls labelled EROICA ZATUZURPH.
  1808 | D:3      | 1808 ||| READING 2 scrolls of brand weapon.
  1808 | D:3      | 1808 ||| BRANDING +1 shortbow of flaming.
  1809 | D:3      | 1809 ||| READING scroll of brand weapon.
  1809 | D:3      | 1809 ||| BRANDING +1 shortbow of draining.
  1810 | D:3      | 1810 ||| READING scroll labelled RAOSKO NIULO.
  1811 | D:3      | 1811 ||| DRINKING 2 green potions.
  1812 | D:3      | 1812 ||| READING 2 scrolls of identify.
  1812 | D:3      | 1812 ||| IDENTIFYING white potion
  1848 | D:4      | Reached skill level 8 in Ranged Weapons
  1874 | D:4      | Found a shimmering altar of Xom.
  1954 | D:4      | Slain by a wight

Levels and vault maps discovered:
D:1:      minmay_arrival_open_corners, layout_rooms
D:2:      layout_loops_corners, uniq_robin
D:3:      layout_loops_ring, hellmonk_ecumenical_altar_heavens_door
D:4:      layout_basic, xom_butterflies, minmay_temple_entry_waves,
          uniq_eustachio, uniq_blork_the_orc

Skill      XL: |  1  2  3  4 |
---------------+-------------+-----
Ranged Weapons | 6 7 8 |  8.4
Fighting       | |  1.5
Dodging        | |  2.4
Stealth        | |  1.2

Action                     |  1- 3 |  4- 6 || total
---------------------------+-------+-------++-------
   Fire: Shortbow          |   107 |    73 ||   180
    Use: Scroll            |     1 |     8 ||     9
         Potion            |       |     2 ||     2
 Armour: Ring mail         |    25 |     3 ||    28
         Leather armour    |     2 |       ||     2
  Dodge: Dodged            |    29 |     7 ||    36
  Block: Other             |       |     2 ||     2

Table legend:
 A = Non-vault XP
 B = Vault XP
 C = Vault XP percentage of total XP
 D = Non-vault monster count
 E = Vault monster count
 F = Vault count percentage of total count
                 A         B        C        D         E       F
            +---------+---------+-------+---------+---------+-------
      Total |     230 |      37 |  13.9 |      52 |      12 |  18.8
            +---------+---------+-------+---------+---------+-------
        D:1 |      19 |       0 |   0.0 |      14 |       0 |   0.0
        D:2 |      41 |      37 |  47.4 |      18 |      12 |  40.0
        D:3 |      31 |       0 |   0.0 |       9 |       0 |   0.0
        D:4 |     139 |       0 |   0.0 |      11 |       0 |   0.0
            +---------+---------+-------+---------+---------+-------
